 Dungeon Crawl Stone Soup version 0.20.1-1-g8b1a95d (webtiles) character file.

145 Irenicus the Insei (level 5, -4/36 HPs)
             Began as an Octopode Chaos Knight on Oct 20, 2017.
             Shot with an arrow by a centaur (14 damage)
             ... on level 3 of the Dungeon.
             The game lasted 00:04:54 (1771 turns).

Irenicus the Insei (Octopode Chaos Knight)          Turns: 1771, Time: 00:04:55

Health: -4/36      AC:  1    Str: 12    XL:     5   Next: 27%
Magic:  14/14      EV: 13    Int: 12    God:    Xom [...*..]
Gold:   161        SH:  0    Dex: 12    Spells: 4/4 levels left

rFire    . . .     SeeInvis +     - Unarmed
rCold    . . .     Gourm    .   (no shield)
rNeg     . . .     Faith    .   (helmet restricted)
rPois    .         Spirit   .   (no amulet)
rElec    .         Reflect  .   b - ring of magical power
rCorr    .         Harm     .   i - ring of protection from magic
MR       +....                  j - ring of see invisible
Stlth    ++........             (no ring)
Regen    0.2/turn               (no ring)
MPRegen  0.2/turn               (no ring)
                                (no ring)
                                (no ring)

@: no status effects
A: almost no armour, stealthy swim, amphibious, 8 rings, constrict 8, camouflage
1, dopey 1, gelatinous body 1, no potion heal 1, MP-powered wands
a: Renounce Religion


You were on level 3 of the Dungeon.
You worshipped Xom.
You were a favourite toy of Xom.
You were hungry.

You visited 1 branch of the dungeon, and saw 3 of its levels.

You collected 161 gold pieces.

Inventory:

Missiles
 h - 4 javelins (quivered)
 l - 2 exploding tomahawks
Armour
 n - a +0 shield
Jewellery
 b - a ring of magical power (left tentacle)
 i - a ring of protection from magic (right tentacle)
 j - a ring of see invisible (on tentacle)
Scrolls
 d - 3 scrolls of remove curse {unknown}
 e - 4 scrolls of identify {unknown}
 g - 2 scrolls of amnesia {unknown}
 k - a scroll of teleportation {unknown}
 m - a scroll of blinking {unknown}
 o - a scroll of enchant weapon {unknown}
Comestibles
 a - 2 bread rations
 c - a meat ration
 f - 3 fruits


   Skills:
 - Level 3.1 Fighting
 - Level 2.3 Dodging
 + Level 5.7 Unarmed Combat


You had 4 spell levels left.
You didn't know any spells.

Dungeon Overview and Level Annotations

Branches:
Dungeon (3/15)

Altars:
Ashenzari
Nemelex Xobeh


Innate Abilities, Weirdness & Mutations

You cannot wear most types of armour.
You are very stealthy in the water. (Stealth+)
You are amphibious.
You can wear up to eight rings at the same time.
You can use your tentacles to constrict eight enemies at once.
Your skin changes colour to match your surroundings (Stealth+).
Your rubbery body absorbs attacks. (AC +1, EV +1)
You are dopey. (Int -2)
Potions are less effective at restoring your health.
You expend magic power (3 MP) to strengthen your wands.


Message History

Press: ? - help, Shift-Dir - straight line, f - leopard gecko
Aim: a leopard gecko (clinging, resting)
You throw a javelin. The javelin hits the leopard gecko.
The leopard gecko hisses angrily.
The leopard gecko is lightly wounded.
Throwing (i - inventory. (,) - cycle):
h - 5 javelins (quivered)
Press: ? - help, Shift-Dir - straight line, f/p - leopard gecko
Aim: a leopard gecko (lightly wounded, clinging)
You throw a javelin. The javelin misses the leopard gecko.
The goblin shouts!
The goblin unwields an uncursed dagger.
The goblin wields a hunting sling.
The goblin shoots a stone.
The stone closely misses you.
The goblin shoots a stone.
The stone hits you.
* * * LOW HITPOINT WARNING * * *
A centaur comes into view.
The centaur shouts!
A bat and an adder come into view.
The centaur wields a shortbow.
The centaur shoots an arrow.
The arrow hits you!
You die...
Xom chuckles heartily!

##.....#... ((
............#.
...########.#.
#..# ....bc.##
#..# ........##
#..# .>.....(.##
...# .....♣.#.#
...#
#####S....#####
..##
##....##'##@[..##
...###<.♣ #.
#..♣.<#
##...##...# ..
##...##
#.##.######.♣
#####
##........##g
...##########
##.# ##.# ...#


You could see a centaur, an adder (wandering) and a bat.

Vanquished Creatures
  An orc wizard (D:3)
  A gnoll (D:3)
  4 adders
  A leopard gecko (D:2)
  10 orcs (D:3)
  7 bats
  A giant cockroach (D:2)
  8 goblins
  7 hobgoblins
  2 quokkas (D:3)
  6 frilled lizards
  7 kobolds
  6 rats
61 creatures vanquished.

Notes
Turn   | Place    | Note
-------+----------+-------------------------------------------
     0 | D:1      | Irenicus the Octopode Chaos Knight began the quest for the Orb.
     0 | D:1      | Reached XP level 1. HP: 16/16 MP: 1/1
   198 | D:1      | Reached XP level 2. HP: 20/21 MP: 2/2
   635 | D:2      | Reached skill level 4 in Unarmed Combat
   635 | D:2      | Reached XP level 3. HP: 21/26 MP: 3/3
   881 | D:2      | XOM: 3-stop teleportation journey
   915 | D:2      | Found a sparkling altar of Nemelex Xobeh.
   915 | D:2      | Found a shattered altar of Ashenzari.
   953 | D:2      | XOM: god gift: blackened marble ring {god gift}
  1222 | D:3      | XOM is BORED!
  1222 | D:3      | XOM: 1-stop teleportation journey
  1265 | D:3      | Reached XP level 4. HP: 25/31 MP: 4/4
  1355 | D:3      | HP: 1/31 [poisoned by an adder]
  1494 | D:3      | Reached skill level 5 in Unarmed Combat
  1606 | D:3      | Noticed Terence
  1608 | D:3      | XOM: noise
  1611 | D:3      | XOM: butterfly on damage
  1613 | D:3      | Noticed Terence
  1613 | D:3      | Terence changed into Terence the gnoll
  1613 | D:3      | XOM: polymorph Terence -> Terence the gnoll
  1616 | D:3      | Killed Terence the gnoll
  1685 | D:3      | XOM: butterfly on damage
  1688 | D:3      | Reached XP level 5. HP: 11/36 MP: 5/5
  1713 | D:2      | XOM: give mutations
  1713 | D:2      | Gained mutation: You are dopey. (Int -2) [Xom's mischief]
  1713 | D:2      | Gained mutation: Potions are less effective at restoring your health. [Xom's mischief]
  1713 | D:2      | Gained mutation: You expend magic power (3 MP) to strengthen your wands. [Xom's mischief]
  1770 | D:3      | Noticed a centaur
  1771 | D:3      | Shot with an arrow by a centaur

Skill      XL: |  1  2  3  4 |
---------------+-------------+-----
Unarmed Combat | 4 5 |  5.7
Fighting       | |  3.1
Dodging        | |  2.3

Action                   |  1- 3 |  4- 6 || total
-------------------------+-------+-------++-------
Melee: Unarmed           |    70 |    49 ||   119
       Constrict         |    22 |    15 ||    37
       Tentacles         |     9 |     7 ||    16
       Punch             |     1 |     1 ||     2
Throw: Javelin           |     7 |    11 ||    18
 Stab: Sleeping          |     8 |       ||     8
  Eat: Chunk             |     1 |     1 ||     2
Armor: Skin              |     6 |     1 ||     7
Dodge: Dodged            |    46 |    25 ||    71
